 Seeded DCSS version 0.30.1-11-g7821555f0a (webtiles) character file.

Game seed: 6874720944983484534 (custom seed)

12882 fireball365 the Cleaver (level 11, -18/102 HPs)
             Began as a Minotaur Fighter on Nov 3, 2023.
             Was an Initiate of Gozag.
             Demolished by a komodo dragon (23 damage)
             ... on level 11 of the Dungeon.
             The game lasted 00:25:53 (11377 turns).

fireball365 the Cleaver (Minotaur Fighter)         Turns: 11377, Time: 00:25:56

Health: -18/102    AC: 17    Str: 32    XL:     11   Next: 68%
Magic:  10/10      EV:  8    Int:  5    God:    Gozag
Gold:   677        SH: 10    Dex:  9    Spells: 10/10 levels left

rFire   + . .        a - +0 war axe
rCold   . . .        F - +0 kite shield
rNeg    . . .        T - +0 plate armour {rPois}
rPois   +            S - +0 hat
rElec   .            B - +0 cloak
rCorr   .            g - +0 pair of gloves
SInv    .            (no boots)
Will    .....        (no amulet) Stlth
                     l - ring of protection from fire
HPRegen 1.17/turn    v - +6 ring of strength
MPRegen 0.12/turn

%: no passive effects
@: gold aura
A: horns 2, retaliatory headbutt, mutation resistance 1, regeneration 1
a: Renounce Religion, Potion Petition, Call Merchant, Bribe Branch


You were on level 11 of the Dungeon.
You worshipped Gozag.
Gozag was pleased with you.
You visited 2 branches of the dungeon, and saw 12 of its levels.
You also visited: Sewer and Ossuary.

You collected 2345 gold pieces.
You spent 1554 gold pieces at shops.
You paid 114 gold pieces to Gozag.

Inventory:

Hand Weapons
 a - a +0 war axe (weapon)
 O - a +1 battleaxe
Missiles
 K - a throwing net (quivered)
Armour
 g - a +0 pair of gloves (worn)
 p - a +0 chain mail
 B - a +0 cloak (worn)
 F - a +0 kite shield (worn)
 S - a +0 hat (worn)
 T - a +0 plate armour of poison resistance (worn)
Jewellery
 l - a ring of protection from fire (left hand)
 r - a ring of protection from cold
 v - a +6 ring of strength (right hand)
 y - an amulet of regeneration
 C - an amulet of reflection
Wands
 n - a wand of roots (24)
 I - a wand of charming (11)
 J - a wand of acid (11)
 L - a wand of flame (11)
Scrolls
 c - a scroll of enchant weapon
 f - a scroll of fear
 h - a scroll of noise
 i - 3 scrolls of poison
 q - a scroll of blinking
 w - 4 scrolls of teleportation
 E - 4 scrolls of amnesia
 G - a scroll of enchant armour {unknown}
 H - a scroll of silence
 M - 3 scrolls of fog
 N - 3 scrolls of immolation
 P - a scroll of brand weapon {unknown}
Potions
 b - 3 potions of lignification {unknown}
 d - 4 potions of might
 e - 7 potions of heal wounds
 j - 6 potions of brilliance
 k - 4 potions of attraction
 m - a potion of berserk rage {unknown}
 o - 10 potions of curing
 s - 3 potions of invisibility {unknown}
 t - 3 potions of degeneration {unknown}
 u - 2 potions of ambrosia {unknown}
 x - 3 potions of resistance {unknown}
 z - 2 potions of haste {unknown}
 A - a potion of magic {unknown}
 D - 4 potions of flight {unknown}
Miscellaneous
 R - a lightning rod (4/4)


   Skills:
 + Level 11.1 Fighting
 + Level 14.3 Axes
 + Level 10.8 Armour
 + Level 3.8 Dodging
 + Level 1.0 Stealth
 + Level 9.2 Shields


You had 10 spell levels left.
You didn't know any spells.
Your spell library contained the following spells:

 Spells                   Type           Power      Damage    Failure   Level
 Apportation              Tloc           0%         N/A       99%         1
 Kiss of Death            Conj/Necr      0%         2d5       99%         1
 Necrotise                Necr           0%         1d4       99%         1
 Shock                    Conj/Air       0%         1d3       99%         1
 Slow                     Hex            0%         N/A       99%         1
 Sting                    Tmut/Pois      0%         1d3       99%         1
 Summon Small Mammal      Summ           0%         N/A       99%         1
 Cigotuvi's Dreadful Rot  Necr/Pois/Air  0%         N/A       100%        2
 Poisonous Vapours        Pois/Air       0%         N/A       100%        2
 Call Canine Familiar     Summ           0%         N/A       100%        3
 Confusing Touch          Hex            0%         N/A       100%        3
 Portal Projectile        Hex/Tloc       0%         N/A       100%        3
 Swiftness                Air            0%         N/A       100%        3
 Vampiric Draining        Necr           0%         2d6       100%        3
 Airstrike                Air            0%         2d(0-16)  100%        4
 Dispel Undead            Necr           0%         3d6       100%        4
 Leda's Liquefaction      Hex/Erth       0%         N/A       100%        4
 Olgreb's Toxic Radiance  Pois           0%         N/A       100%        4
 Death Channel            Necr           0%         N/A       100%        6


Dungeon Overview and Level Annotations

Branches:
Dungeon (11/15)            Temple (1/1) D:6            Lair (0/5) D:9
    Orc (0/2) D:11          Sewer (visited)         Ossuary (visited)

Altars:
Ashenzari
Cheibriados
Dithmenos
Fedhas
Gozag
Kikubaaqudgha
Makhleb
Nemelex Xobeh
Okawaru
Qazlal
Trog
Uskayaw
Vehumet
Wu Jian
Xom
Yredelemnul
Zin
The Shining One

Shops:
D:1 [([!   D:3 [*[(=   D:4 **


Innate Abilities, Weirdness & Mutations

You have a pair of horns on your head.
You reflexively headbutt those who attack you in melee.
You are somewhat resistant to further mutation.
Your natural rate of healing is unusually fast.


Message History

Unknown command.
You barely miss the yak.
The yak is moderately wounded.
You slash the yak!
The yak is no longer distracted by gold.
You hit the komodo dragon but do no damage.
You block the komodo dragon's attack. The yak gores you! The yak gores you.
You hit the komodo dragon.
The komodo dragon is lightly wounded.
You closely miss the yak. You hit the yak.
The komodo dragon bites you but does no damage.
You hit the komodo dragon but do no damage.
The komodo dragon is lightly wounded.
You slash the yak! You closely miss the yak. The yak barely misses you.
The yak gores you but does no damage. The komodo dragon bites you!!
* * * LOW HITPOINT WARNING * * *
You slice the komodo dragon!!
You headbutt the komodo dragon, but do no damage.
The komodo dragon is severely wounded.
You hit the yak but do no damage. You closely miss the yak.
You block the yak's attack. The yak gores you but does no damage.
The komodo dragon is distracted by your dazzling golden aura.
You barely miss the komodo dragon.
The komodo dragon is no longer distracted by gold.
You headbutt the komodo dragon, but do no damage.
The komodo dragon is severely wounded.
You slash the yak!
You kill the yak!
You slash the yak!
The yak is distracted by your dazzling golden aura.
The komodo dragon bites you!!
* * * LOW HITPOINT WARNING * * *
The yak bellows!
You closely miss the komodo dragon.
The komodo dragon is severely wounded.
You slash the yak!
You kill the yak!
The komodo dragon bites you!!
You die...
Your body crumbles into a pile of gold.

##.#. ##>...# ##.#..
#.....# #####.#...
.....# #....#....
....:## ######.#...
....##.# ##.#..
##.#.##.## ##.#.
##$l$.#...#######.##
##..@$.........$...##
#...$......#########
#............
#.......#.###
##.....##... ###
##...#### ## )..
##### ... .##


You could see a komodo dragon.

Vanquished Creatures
  2 two-headed ogres
  Joseph (D:10)
  2 kobold demonologists (D:11)
  2 shadows
  2 wraiths
  2 wyverns
  35 yaks
  A steam dragon (D:8)
  3 wargs
  2 vampire mosquitoes (D:10)
  A water moccasin (D:8)
  3 orc warriors
  2 hornet zombies (D:8)
  A black bear (D:5)
  3 ogres
  3 centaurs
  A phantom (D:5)
  4 bullfrogs
  A necrophage (D:4)
  3 gnoll sergeants
  A wyvern zombie (D:8)
  2 scorpions
  9 wights
  7 killer bees
  4 howler monkeys
  2 centaur zombies (D:8)
  5 orc priests
  5 jellies
  A gnoll bouda (D:8)
  4 hounds
  2 sleepcaps
  5 iguanas
  17 orc wizards
  A killer bee zombie (D:8)
  A hound skeleton (D:4)
  2 mummies
  2 howler monkey zombies (D:8)
  10 gnolls
  8 adders
  A river rat (Sewer)
  2 white imps
  An ufetubus (D:6)
  2 worms
  4 dart slugs
  41 orcs
  2 spectral bats (Ossuary)
  18 endoplasms
  11 giant cockroaches
  12 gnoll zombies (Ossuary)
  A hobgoblin (D:1)
  5 kobolds
  2 quokkas (D:4)
  10 ball pythons
  13 bats
  A bat simulacrum (Ossuary)
  3 frilled lizards
  3 goblin simulacra (Ossuary)
  4 goblin zombies (Ossuary)
  4 hobgoblin zombies (Ossuary)
  4 kobold simulacra (Ossuary)
  6 kobold zombies
  6 orc zombies (Ossuary)
  10 rats
  5 rat simulacra (Ossuary)
  2 spectral goblins (Ossuary)
  5 spectral kobolds (Ossuary)
  A spectral rat (Ossuary)
341 creatures vanquished.

Notes
Turn   | Place    | Note
-------+----------+-------------------------------------------
     0 | D:1      | fireball365 the Minotaur Fighter began the quest for the
                  | Orb.
     0 | D:1      | Reached XP level 1. HP: 19/19 MP: 0/0
    11 | D:1      | Found Ucuat's Armour Boutique.
    63 | D:1      | Found Voasepyc's Antique Weapon Shop.
   205 | D:1      | Reached XP level 2. HP: 24/27 MP: 1/1
   231 | D:1      | Found Kirahall's Distillery.
   280 | D:1      | Found a faded altar of an unknown god.
   456 | D:1      | Found Waegiagi's Armour Emporium.
  1262 | D:2      | Reached XP level 3. HP: 28/33 MP: 2/2
  1687 | D:3      | Found Nuinull's Antique Armour Boutique.
  1742 | D:3      | Found a bloodstained altar of Trog.
  1777 | D:3      | Found Jugeaca's Assorted Antiques.
  1786 | D:3      | Found Feerrad's Armour Shop.
  1830 | D:3      | Reached skill level 3 in Axes
  1830 | D:3      | Reached XP level 4. HP: 37/41 MP: 3/3
  1976 | D:3      | Found a hide-covered altar of Uskayaw.
  2004 | D:3      | Identified the +2 robe "Ushaogan" {rC+ Str+4}
  2237 | D:3      | Found Nupsaf's Jewellery Boutique.
  2252 | D:3      | Found Tefitz Ykoi's Antique Weapon Emporium.
  2345 | D:3      | Found a broken altar of Ashenzari.
  2462 | D:4      | Reached skill level 4 in Axes
  2462 | D:4      | Reached XP level 5. HP: 42/47 MP: 4/4
  2507 | D:4      | Found a burning altar of Makhleb.
  2700 | D:4      | Found Fuotuyru's Specific Store.
  2702 | D:4      | Found Xewabb's General Store.
  2723 | D:4      | Found a glowing drain.
  2750 | Sewer    | Entered a sewer
  2864 | Sewer    | Reached skill level 1 in Dodging
  2874 | Sewer    | Reached skill level 5 in Armour
  2884 | Sewer    | Reached skill level 5 in Axes
  2884 | Sewer    | Reached XP level 6. HP: 53/53 MP: 5/5
  2938 | Sewer    | Found a viscous altar of Jiyva.
  3079 | Sewer    | Reached skill level 5 in Fighting
  3619 | D:4      | Bought a scroll of identify for 22 gold pieces
  3840 | D:4      | Reached skill level 6 in Axes
  3938 | D:5      | Entered Level 5 of the Dungeon
  3967 | D:5      | Reached XP level 7. HP: 58/61 MP: 6/6
  4003 | D:5      | Reached skill level 5 in Shields
  4103 | D:5      | Found an iron altar of Okawaru.
  4267 | D:5      | Found a glowing golden altar of the Shining One.
  4603 | D:5      | Reached skill level 7 in Axes
  4747 | D:5      | Found a sparkling altar of Nemelex Xobeh.
  4749 | D:5      | Found a transporter.
  4815 | D:5      | Gained mutation: Your body sometimes deteriorates upon
                  | taking damage. [potion of mutation]
  4815 | D:5      | Gained mutation: Your movements are slightly less
                  | encumbered by armour. (ER -2) [potion of mutation]
  4820 | D:6      | Lost mutation: Your body sometimes deteriorates upon taking
                  | damage. [potion of mutation]
  4820 | D:6      | Lost mutation: Your movements are slightly less encumbered
                  | by armour. (ER -2) [potion of mutation]
  4820 | D:6      | Gained mutation: You are somewhat resistant to further
                  | mutation. [potion of mutation]
  4820 | D:6      | Gained mutation: Your natural rate of healing is unusually
                  | fast. [potion of mutation]
  4936 | D:6      | Reached XP level 8. HP: 69/69 MP: 7/7
  5100 | D:6      | Found a glowing silver altar of Zin.
  5152 | D:6      | Reached skill level 8 in Axes
  5251 | D:6      | Reached skill level 1 in Stealth
  5566 | D:6      | Found a staircase to the Ecumenical Temple.
  5596 | Temple   | Entered the Ecumenical Temple
  5663 | Temple   | Became a worshipper of Gozag Ym Sagoz the Greedy
  6228 | D:7      | Found a sand-covered staircase.
  6240 | Ossuary  | Entered an ossuary
  7191 | D:7      | Reached skill level 9 in Axes
  7191 | D:7      | Reached XP level 9. HP: 45/78 MP: 8/8
  7222 | D:7      | Found a shadowy altar of Dithmenos.
  7603 | D:8      | Reached skill level 10 in Axes
  7770 | D:8      | Reached skill level 11 in Axes
  7918 | D:8      | Noticed a two-headed ogre
  7941 | D:8      | Killed a two-headed ogre
  7942 | D:8      | Reached XP level 10. HP: 44/89 MP: 9/9
  8179 | D:8      | Found a basalt altar of Yredelemnul.
  8190 | D:8      | Reached skill level 12 in Axes
  8324 | D:9      | Found a staircase to the Lair.
  8658 | D:9      | Found a stormy altar of Qazlal.
  8666 | D:9      | Identified the +1 helmet "Kicwauf" {Dex+4}
  8782 | D:9      | Noticed a two-headed ogre
  8792 | D:9      | Killed a two-headed ogre
  8793 | D:9      | Reached skill level 10 in Armour
  8859 | D:9      | Reached skill level 13 in Axes
  8874 | D:9      | Reached XP level 11. HP: 91/99 MP: 10/10
  9151 | D:9      | Found an ornate altar of the Wu Jian Council.
  9477 | D:1      | Bought a potion of heal wounds for 70 gold pieces
  9477 | D:1      | Bought 2 potions of heal wounds for 140 gold pieces
  9477 | D:1      | Bought a potion of heal wounds for 70 gold pieces
  9477 | D:1      | Bought a potion of curing for 42 gold pieces
  9477 | D:1      | Bought a potion of curing for 42 gold pieces
  9588 | D:3      | Bought a +0 hat for 56 gold pieces
  9588 | D:3      | Bought a +0 plate armour of poison resistance for 378 gold
                  | pieces
  9612 | D:3      | Bought a scroll of identify for 46 gold pieces
  9612 | D:3      | Bought 2 scrolls labelled LEJUDOOMP for 46 gold pieces
  9612 | D:3      | Bought a potion of curing for 69 gold pieces
  9612 | D:3      | Bought a scroll labelled PEGGAPLUJUT for 23 gold pieces
  9786 | D:3      | Bought a +6 ring of strength for 468 gold pieces
  9863 | D:4      | Bought a scroll of blinking for 82 gold pieces
 10078 | D:10     | Entered Level 10 of the Dungeon
 10091 | D:10     | Reached skill level 10 in Fighting
 10364 | D:10     | Noticed Joseph
 10387 | D:10     | Killed Joseph
 10629 | D:10     | Reached skill level 14 in Axes
 11159 | D:11     | Found a staircase to the Orcish Mines.
 11376 | D:11     | HP: 4/102 [komodo dragon (24)]
 11377 | D:11     | Demolished by a komodo dragon

Illustrated notes

Levels and vault maps discovered:
D:1:      wheals_arrival_shading, layout_basic, serial_shops,
          nicolae_shop_waterfront, nicolae_shop_just_a_little_nook, shop, shop,
          nicolae_ecumenical_snake_handling, hangedman_abyss_or_decor_stabs
D:2:      layout_loops_cross, minmay_close_crescents
D:3:      layout_loops_cross, bloody_trog, nicolae_uskayaw_dance_hall,
          mainiacjoe_overflow_brackets, serial_shops, shop_statue, shop, shop,
          nicolae_shop_competitors_out_of_business, shop, roderic_batcave,
          supply_closet_lemuel
D:4:      layout_loops_ring, makhleb_blood_cavern_becter, portal_sewer_entry_f,
          nicolae_specific_store
D:5:      black_bear_nest_1, layout_loops_cross, grunt_nemelex_the_gamble,
          hellmonk_okawaru_the_only_friend_you_need, tso_altar,
          minmay_misc_feat_hallway, grunt_decor_mini_mirrors
D:6:      layout_loops_corners, zin_statuary, minmay_temple_entry_antechambers
D:7:      layout_gridville, nicolae_dithmenos_the_darkroom,
          nicolae_ossuary_entry_giza, serial_co_window_serial,
          co_window_paths_a, co_window_cross_1, co_window_paths_a,
          co_window_of_opportunity_a, co_window_paths_a, co_window_corner_b,
          co_window_2corner, co_window_broadway_a, co_window_cross_4,
          co_window_paths_d, glass_columns_c, minmay_misc_feat_more_columns
D:8:      nicolae_cairo_tiling_large_dashed, layout_rooms,
          nicolae_yredelemnul_corpse_copse, kennysheep_kite_vault
D:9:      layout_roguey, nzn_wu_jian_council_hall,
          mainiacjoe_overflow_small_starburst, erik_lair_orcish_takeover
D:10:     layout_irregular_city, minmay_misc_feat_columns,
          minmay_sticks_and_stones
D:11:     minmay_chopped_fan, layout_loops_ring, nicolae_shop_gadgets
Temple:   dpeg_chambers_temple

Skill      XL: |  1  2  3  4  5  6  7  8  9 10 11 |
---------------+----------------------------------+-----
Shields        | 4 5 6 7 8 9 |  9.2
Armour         | 4 5 6 7 8 10 | 10.8
Fighting       | 4 5 6 8 9 11 | 11.1
Axes           | 3 4 5 6 7 9 11 13 14 | 14.3
Dodging        | 1 3 |  3.8
Stealth        | 1 |  1.0

Action                     |  1- 3 |  4- 6 |  7- 9 | 10-12 || total
---------------------------+-------+-------+-------+-------++-------
  Melee: War axe           |    62 |   134 |   307 |   353 ||   856
         Headbutt          |     5 |    22 |    47 |    65 ||   139
    Use: Scroll            |       |     4 |     6 |     7 ||    17
         Potion            |       |       |     2 |     2 ||     4
 Armour: Scale mail        |    25 |       |       |       ||    25
         Chain mail        |     5 |   108 |   162 |    91 ||   366
         Plate armour      |       |       |       |    96 ||    96
  Dodge: Dodged            |    26 |    95 |   148 |   126 ||   395
  Block: Buckler           |    20 |    40 |    16 |       ||    76
         Kite shield       |       |       |   132 |   181 ||   313
